 Dungeon Crawl Stone Soup version 0.17.1-1-g73c8601 (webtiles) character file.

113 Eptagon the Insei (level 4, -3/31 HPs)
             Began as an Octopode Monk on Dec 18, 2015.
             Slain by Sigmund
             ... wielding a +0 scythe
              (9 damage)
             ... on level 4 of the Dungeon.
             The game lasted 00:03:59 (2065 turns).

Eptagon the Insei (Octopode Monk)                   Turns: 2065, Time: 00:03:59

Health: -3/31      AC:  1    Str: 10    XL:     4   Next: 96%
Magic:  4/4        EV: 13    Int: 12    God:
Gold:   200        SH:  0    Dex: 15    Spells: 0 memorised, 3 levels left

rFire  . . .     SeeInvis .       - Unarmed
rCold  . . .     Clarity  .     (no shield)
rNeg   . . .     SustAt   .     (helmet restricted)
rPois  .         Gourm    .     (no amulet)
rElec  .         Spirit   .     c - ring of wizardry
rCorr  .         Warding  .     (no ring)
rMut   .         Stasis   .     (no ring)
MR     .....                    (no ring)
Stlth  +++.......               (no ring)
                                (no ring)
                                (no ring)
                                (no ring)

@: slowed, very slow, not resistant to hostile enchantments, fairly stealthy
A: almost no armour, amphibious, 8 rings, constrict 8, camouflage 1, gelatinous
body 1
a: no special abilities


You were on level 4 of the Dungeon.
You were not hungry.

You visited 1 branch of the dungeon, and saw 4 of its levels.

You collected 200 gold pieces.

Inventory:

Jewellery
 c - a ring of wizardry (left tentacle)
Scrolls
 d - a scroll of fog
 e - a scroll of magic mapping {unknown}
 f - a scroll of immolation {unknown}
 j - a scroll of noise {unknown}
 k - 2 scrolls of remove curse
 l - a scroll of random uselessness {unknown}
 n - a scroll of identify
Comestibles
 a - 3 bread rations
 g - 2 meat rations
 h - 2 beef jerkies
 i - a slice of pizza
 m - 9 chunks of flesh


   Skills:
 - Level 3.0 Fighting
 - Level 3.0 Dodging
 - Level 2.6 Stealth
 + Level 6.1 Unarmed Combat


You had 3 spell levels left.
You didn't know any spells.

Dungeon Overview and Level Annotations

Branches:
Dungeon (4/15)             Temple (0/1) D:4

Altars:

Annotations:
D:4 Sigmund


Innate Abilities, Weirdness & Mutations

You cannot wear most types of armour.
You are amphibious.
You can wear up to eight rings at the same time.
You can use your tentacles to constrict eight enemies at once.
Your skin changes colour to match your surroundings (Stealth).
Your rubbery body absorbs attacks (AC +1).


Message History

You constrict Sigmund, but do no damage.
Sigmund hits you with a scythe!
* * * LOW HITPOINT WARNING * * *
The worker ant bites you.
* * * LOW HITPOINT WARNING * * *
You tentacle-slap Sigmund.
Sigmund is severely wounded.
You constrict Sigmund, but do no damage.
The worker ant barely misses you.
You tentacle-slap Sigmund but do no damage.
Sigmund is severely wounded.
You constrict Sigmund.
Sigmund zaps a wand.
You feel yourself slow down. The worker ant closely misses you.
Drink which item? (? for menu, Esc to quit)
Okay, then.
Drink which item? (? for menu, Esc to quit)
You feel better.
You constrict Sigmund. The worker ant bites you.
* * * LOW HITPOINT WARNING * * *
Sigmund hits you with a scythe!
You die...

#.# #.# #.# #.# #
#.# #.# .##
###)###.##########..
#())...............
#..†###.#######..#
#.### #.#######..#
#.# #..........# #.#
########@..# #.#
#a@.# #.# ....# #.#
§§...# #.# §§§$..#
#.# .......# #.#
......### #.#
.####### #.#


You could see Sigmund and a worker ant.

Vanquished Creatures
  Robin (D:4)
  3 adders (D:2)
  3 worms
  3 orcs
  4 bats
  11 goblins
  8 hobgoblins
  3 jackals (D:4)
  6 kobolds
  2 ball pythons
  4 giant cockroaches
  3 giant geckos
  3 giant newts
  A quokka (D:2)
  9 rats
64 creatures vanquished.

Notes
Turn   | Place    | Note
--------------------------------------------------------------
     0 | D:1      | Eptagon the Octopode Monk began the quest for the Orb.
     0 | D:1      | Reached XP level 1. HP: 16/16 MP: 1/1
   192 | D:1      | Reached XP level 2. HP: 18/21 MP: 2/2
   826 | D:2      | Reached skill level 5 in Unarmed Combat
   826 | D:2      | Reached XP level 3. HP: 11/26 MP: 3/3
  1147 | D:2      | Reached XP level 4. HP: 29/31 MP: 4/4
  2008 | D:4      | Noticed Robin
  2021 | D:4      | Killed Robin
  2021 | D:4      | Reached skill level 6 in Unarmed Combat
  2055 | D:4      | Noticed Sigmund
  2057 | D:4      | Found a staircase to the Ecumenical Temple.
  2065 | D:4      | Slain by Sigmund

Action                   |  1- 3 |  4- 6 || total
-------------------------+-------+-------++-------
Melee: Unarmed           |    58 |    72 ||   130
  Use: Scroll            |     4 |     1 ||     5
       Potion            |       |     3 ||     3
 Stab: Sleeping          |     6 |     3 ||     9
       Distracted        |     1 |       ||     1
  Eat: Chunk             |     1 |     3 ||     4
